[ AOE2 MATCH · #476117400 ]
UnrankedGoths vs Bengalis
Player's team · LOSS
[ REPLAY ANALYSIS · EXTRACTED FROM THE RECORDED GAME ]
Feudal
—
Castle
—
Imperial
—
| APM avg | 42.6 |
| APM peak | 51 |
| eAPM avg | 10.9 |
| Villagers / military | 4 / 0 |
Focus
⚔️ 17.6% · 🌾 82.4%
Feudal
—
Castle
—
Imperial
—
| APM avg | 22.9 |
| APM peak | 42 |
| eAPM avg | 10.6 |
| Villagers / military | 5 / 0 |
Focus
⚔️ 7.1% · 🌾 92.9%
Feudal
—
Castle
—
Imperial
—
| APM avg | 28.2 |
| APM peak | 36 |
| eAPM avg | 10.6 |
| Villagers / military | 4 / 0 |
Focus
⚔️ 6.2% · 🌾 93.8%
Feudal
—
Castle
—
Imperial
—
| APM avg | 28.2 |
| APM peak | 42 |
| eAPM avg | 12.3 |
| Villagers / military | 4 / 0 |
Focus
⚔️ 20.0% · 🌾 80.0%
Feudal
—
Castle
—
Imperial
—
| APM avg | 37.0 |
| APM peak | 74 |
| eAPM avg | 17.9 |
| Villagers / military | 0 / 0 |
Focus
⚔️ 1.8% · 🌾 98.2%
Feudal
—
Castle
—
Imperial
—
| APM avg | 38.7 |
| APM peak | 55 |
| eAPM avg | 13.5 |
| Villagers / military | 3 / 0 |
Focus
⚔️ 23.1% · 🌾 76.9%
Fishing Ship ×1
Feudal
—
Castle
—
Imperial
—
| APM avg | 0.9 |
| APM peak | 2 |
| eAPM avg | 0.9 |
| Villagers / military | 0 / 0 |
Feudal
—
Castle
—
Imperial
—
| APM avg | 36.1 |
| APM peak | 54 |
| eAPM avg | 7.0 |
| Villagers / military | 4 / 0 |
Focus
⚔️ 16.7% · 🌾 83.3%
Match map
Initial resources + every placement click. Lines = walls · curves = elevation contours. ◆ gold · ⬟ stone · ● berries · ✦ relic · ◌ wall gap
Your base
Crankshaft's base
VENÓN | BOTZANGA's base
fs.como voce passou no concurso's base
Matzeking's base
VENON | Claudia Sheimbaum's base
小晚辞's base
VENÓN | Kevin's base
Smoothed initial terrain · ◌ = detected wall gap · hover for details
Inputs per minute
— [GDL] Mauricioae13 - - Crankshaft
Build order — [GDL] Mauricioae13
6 actions detected in the replay
| 0:19 | Build | Town Center |
| 1:22 | Build | Dock |
| 1:27 | Build | Palisade Wall |
| 1:28 | Build | Palisade Wall |
| 2:05 | Build | House |
| 2:48 | Queue | Villager (Male) ×4 |
Build order — Crankshaft
8 actions detected in the replay
| 0:17 | Build | Town Center |
| 0:44 | Build | Dock |
| 2:38 | Build | House |
| 2:44 | Queue | Villager (Male) |
| 2:44 | Queue | Villager (Male) |
| 2:46 | Queue | Villager (Male) |
| 2:51 | Queue | Villager (Male) |
| 2:51 | Queue | Villager (Male) |
Build order — VENÓN | BOTZANGA
7 actions detected in the replay
| 0:33 | Build | Town Center |
| 1:00 | Build | Dock |
| 1:02 | Build | House |
| 2:42 | Queue | Villager (Male) |
| 2:42 | Queue | Villager (Male) |
| 2:42 | Queue | Villager (Male) |
| 2:42 | Queue | Villager (Male) |
Build order — fs.como voce passou no concurso
9 actions detected in the replay
| 0:19 | Build | Town Center |
| 1:18 | Build | Dock |
| 1:26 | Build | House |
| 1:27 | Build | Palisade Wall |
| 1:28 | Build | Palisade Wall |
| 2:39 | Queue | Villager (Male) |
| 2:39 | Queue | Villager (Male) |
| 2:39 | Queue | Villager (Male) |
| 2:39 | Queue | Villager (Male) |
Build order — Matzeking
3 actions detected in the replay
| 1:00 | Build | Town Center |
| 1:37 | Build | Dock |
| 1:39 | Build | House |
Build order — VENON | Claudia Sheimbaum
7 actions detected in the replay
| 0:05 | Build | Town Center |
| 1:10 | Build | Dock |
| 1:14 | Build | House |
| 2:27 | Queue | Villager (Male) |
| 2:27 | Queue | Villager (Male) |
| 2:28 | Queue | Villager (Male) |
| 3:08 | Queue | Fishing Ship |
Build order — 小晚辞
0 actions detected in the replay
Build order — VENÓN | Kevin
7 actions detected in the replay
| 0:07 | Build | Town Center |
| 1:32 | Build | Dock |
| 1:35 | Build | House |
| 2:35 | Queue | Villager (Male) |
| 2:35 | Queue | Villager (Male) |
| 2:36 | Queue | Villager (Male) |
| 2:36 | Queue | Villager (Male) |
Match timeline
| 0:44 | Crankshaft · first_building Dock |
| 1:00 | VENÓN | BOTZANGA · first_building Dock |
| 1:10 | VENON | Claudia Sheimbaum · first_building Dock |
| 1:18 | fs.como voce passou no concurso · first_building Dock |
| 1:22 | [GDL] Mauricioae13 · first_building Dock |
| 1:27 | [GDL] Mauricioae13 · wall_segment Palisade Wall x1 |
| 1:27 | fs.como voce passou no concurso · wall_segment Palisade Wall x1 |
| 1:28 | fs.como voce passou no concurso · wall_segment Palisade Wall x1 |
| 1:28 | [GDL] Mauricioae13 · wall_segment Palisade Wall x1 |
| 1:32 | VENÓN | Kevin · first_building Dock |
| 1:37 | Matzeking · first_building Dock |
| 3:07 | Matzeking · resign |
[ AI ANALYSIS · 1 CREDIT ]
What really happened in this match?
Wolo.gg analyzes every decision: build order, eco, micro, common mistakes by bracket. Personalized analysis on WhatsApp or Discord in 30 seconds.
Civ guide
Goths
Perfil
Jugador #22156516